Workbook

Sheet Bookings
A1: Booking ID | B1: Guest Name | C1: Contact Number | D1: Email | E1: Home City | F1: Arrival Date | G1: Departure Date | H1: Nights | I1: Site Number | J1: Site Type | K1: Guests | L1: Nightly Rate ex GST | M1: Accommodation ex GST | N1: Extras ex GST | O1: Total ex GST | P1: GST (10%) | Q1: Total inc GST | R1: Deposit Paid | S1: Balance Due | T1: Booking Status | U1: Payment Status | V1: Notes
A2: BKG-2026-001 | B2: Jack Thompson | C2: 0412 834 129 | D2: jack.thompson@example.com | E2: Sydney | F2: 46034 | G2: 46039 | H2: =IF($A2="","",IF(OR($F2="",$G2=""),"",$G2-$F2)) | I2: P12 | J2: Powered Site | K2: 2 | L2: =IF($A2="","",IFERROR(VLOOKUP($J2,'Lists & Instructions'!$A$2:$B$5,2,FALSE),"")) | M2: =IF($A2="","",IF($H2>0,$H2*$L2,0)) | N2: 20 | O2: =IF($A2="","",IFERROR($M2+$N2,0)) | P2: =IF($A2="","",$O2*10%) | Q2: =IF($A2="","",$O2+$P2) | R2: 100 | S2: =IF($A2="","",IFERROR($Q2-$R2,0)) | T2: Confirmed | U2: =IF($A2="","",IF($S2<=0,"Paid",IF($R2>0,"Part-paid","Unpaid"))) | V2: Late arrival requested
A3: BKG-2026-002 | B3: Olivia Martin | C3: 0418 572 641 | D3: olivia.martin@example.com | E3: Melbourne | F3: 46042 | G3: 46045 | H3: =IF($A3="","",IF(OR($F3="",$G3=""),"",$G3-$F3)) | I3: C04 | J3: Cabin | K3: 4 | L3: =IF($A3="","",IFERROR(VLOOKUP($J3,'Lists & Instructions'!$A$2:$B$5,2,FALSE),"")) | M3: =IF($A3="","",IF($H3>0,$H3*$L3,0)) | N3: 45 | O3: =IF($A3="","",IFERROR($M3+$N3,0)) | P3: =IF($A3="","",$O3*10%) | Q3: =IF($A3="","",$O3+$P3) | R3: 495 | S3: =IF($A3="","",IFERROR($Q3-$R3,0)) | T3: Completed | U3: =IF($A3="","",IF($S3<=0,"Paid",IF($R3>0,"Part-paid","Unpaid"))) | V3: Family holiday
A4: BKG-2026-003 | B4: Liam Wilson | C4: 0403 669 210 | D4: liam.wilson@example.com | E4: Brisbane | F4: 46055 | G4: 46061 | H4: =IF($A4="","",IF(OR($F4="",$G4=""),"",$G4-$F4)) | I4: U07 | J4: Unpowered Site | K4: 2 | L4: =IF($A4="","",IFERROR(VLOOKUP($J4,'Lists & Instructions'!$A$2:$B$5,2,FALSE),"")) | M4: =IF($A4="","",IF($H4>0,$H4*$L4,0)) | N4: 0 | O4: =IF($A4="","",IFERROR($M4+$N4,0)) | P4: =IF($A4="","",$O4*10%) | Q4: =IF($A4="","",$O4+$P4) | R4: 0 | S4: =IF($A4="","",IFERROR($Q4-$R4,0)) | T4: Tentative | U4: =IF($A4="","",IF($S4<=0,"Paid",IF($R4>0,"Part-paid","Unpaid"))) | V4: Awaiting travel confirmation
A5: BKG-2026-004 | B5: Charlotte Brown | C5: 0422 915 374 | D5: charlotte.brown@example.com | E5: Perth | F5: 46063 | G5: 46067 | H5: =IF($A5="","",IF(OR($F5="",$G5=""),"",$G5-$F5)) | I5: E03 | J5: Ensuite Site | K5: 3 | L5: =IF($A5="","",IFERROR(VLOOKUP($J5,'Lists & Instructions'!$A$2:$B$5,2,FALSE),"")) | M5: =IF($A5="","",IF($H5>0,$H5*$L5,0)) | N5: 30 | O5: =IF($A5="","",IFERROR($M5+$N5,0)) | P5: =IF($A5="","",$O5*10%) | Q5: =IF($A5="","",$O5+$P5) | R5: 150 | S5: =IF($A5="","",IFERROR($Q5-$R5,0)) | T5: Confirmed | U5: =IF($A5="","",IF($S5<=0,"Paid",IF($R5>0,"Part-paid","Unpaid"))) | V5: Requires accessible amenities
A6: BKG-2026-005 | B6: Noah Taylor | C6: 0407 244 918 | D6: noah.taylor@example.com | E6: Adelaide | F6: 46069 | G6: 46071 | H6: =IF($A6="","",IF(OR($F6="",$G6=""),"",$G6-$F6)) | I6: P05 | J6: Powered Site | K6: 2 | L6: =IF($A6="","",IFERROR(VLOOKUP($J6,'Lists & Instructions'!$A$2:$B$5,2,FALSE),"")) | M6: =IF($A6="","",IF($H6>0,$H6*$L6,0)) | N6: 0 | O6: =IF($A6="","",IFERROR($M6+$N6,0)) | P6: =IF($A6="","",$O6*10%) | Q6: =IF($A6="","",$O6+$P6) | R6: 99 | S6: =IF($A6="","",IFERROR($Q6-$R6,0)) | T6: Completed | U6: =IF($A6="","",IF($S6<=0,"Paid",IF($R6>0,"Part-paid","Unpaid"))) | V6: Full payment received
A7: BKG-2026-006 | B7: Mia Anderson | C7: 0415 738 526 | D7: mia.anderson@example.com | E7: Gold Coast | F7: 46073 | G7: 46078 | H7: =IF($A7="","",IF(OR($F7="",$G7=""),"",$G7-$F7)) | I7: C02 | J7: Cabin | K7: 5 | L7: =IF($A7="","",IFERROR(VLOOKUP($J7,'Lists & Instructions'!$A$2:$B$5,2,FALSE),"")) | M7: =IF($A7="","",IF($H7>0,$H7*$L7,0)) | N7: 80 | O7: =IF($A7="","",IFERROR($M7+$N7,0)) | P7: =IF($A7="","",$O7*10%) | Q7: =IF($A7="","",$O7+$P7) | R7: 250 | S7: =IF($A7="","",IFERROR($Q7-$R7,0)) | T7: Confirmed | U7: =IF($A7="","",IF($S7<=0,"Paid",IF($R7>0,"Part-paid","Unpaid"))) | V7: Travelling with children
A8: BKG-2026-007 | B8: Ethan Harris | C8: 0431 608 447 | D8: ethan.harris@example.com | E8: Newcastle | F8: 46082 | G8: 46089 | H8: =IF($A8="","",IF(OR($F8="",$G8=""),"",$G8-$F8)) | I8: U02 | J8: Unpowered Site | K8: 2 | L8: =IF($A8="","",IFERROR(VLOOKUP($J8,'Lists & Instructions'!$A$2:$B$5,2,FALSE),"")) | M8: =IF($A8="","",IF($H8>0,$H8*$L8,0)) | N8: 15 | O8: =IF($A8="","",IFERROR($M8+$N8,0)) | P8: =IF($A8="","",$O8*10%) | Q8: =IF($A8="","",$O8+$P8) | R8: 262.9 | S8: =IF($A8="","",IFERROR($Q8-$R8,0)) | T8: Completed | U8: =IF($A8="","",IF($S8<=0,"Paid",IF($R8>0,"Part-paid","Unpaid"))) | V8: Full payment received
A9: BKG-2026-008 | B9: Ruby Evans | C9: 0409 156 382 | D9: ruby.evans@example.com | E9: Canberra | F9: 46091 | G9: 46094 | H9: =IF($A9="","",IF(OR($F9="",$G9=""),"",$G9-$F9)) | I9: E06 | J9: Ensuite Site | K9: 2 | L9: =IF($A9="","",IFERROR(VLOOKUP($J9,'Lists & Instructions'!$A$2:$B$5,2,FALSE),"")) | M9: =IF($A9="","",IF($H9>0,$H9*$L9,0)) | N9: 10 | O9: =IF($A9="","",IFERROR($M9+$N9,0)) | P9: =IF($A9="","",$O9*10%) | Q9: =IF($A9="","",$O9+$P9) | R9: 50 | S9: =IF($A9="","",IFERROR($Q9-$R9,0)) | T9: Tentative | U9: =IF($A9="","",IF($S9<=0,"Paid",IF($R9>0,"Part-paid","Unpaid"))) | V9: Returning guest
A10: BKG-2026-009 | B10: Cooper Davis | C10: 0428 401 765 | D10: cooper.davis@example.com | E10: Hobart | F10: 46099 | G10: 46103 | H10: =IF($A10="","",IF(OR($F10="",$G10=""),"",$G10-$F10)) | I10: P09 | J10: Powered Site | K10: 3 | L10: =IF($A10="","",IFERROR(VLOOKUP($J10,'Lists & Instructions'!$A$2:$B$5,2,FALSE),"")) | M10: =IF($A10="","",IF($H10>0,$H10*$L10,0)) | N10: 25 | O10: =IF($A10="","",IFERROR($M10+$N10,0)) | P10: =IF($A10="","",$O10*10%) | Q10: =IF($A10="","",$O10+$P10) | R10: 0 | S10: =IF($A10="","",IFERROR($Q10-$R10,0)) | T10: Confirmed | U10: =IF($A10="","",IF($S10<=0,"Paid",IF($R10>0,"Part-paid","Unpaid"))) | V10: Pet-friendly site requested
H11: =IF($A11="","",IF(OR($F11="",$G11=""),"",$G11-$F11)) | L11: =IF($A11="","",IFERROR(VLOOKUP($J11,'Lists & Instructions'!$A$2:$B$5,2,FALSE),"")) | M11: =IF($A11="","",IF($H11>0,$H11*$L11,0)) | O11: =IF($A11="","",IFERROR($M11+$N11,0)) | P11: =IF($A11="","",$O11*10%) | Q11: =IF($A11="","",$O11+$P11) | S11: =IF($A11="","",IFERROR($Q11-$R11,0)) | U11: =IF($A11="","",IF($S11<=0,"Paid",IF($R11>0,"Part-paid","Unpaid")))
H12: =IF($A12="","",IF(OR($F12="",$G12=""),"",$G12-$F12)) | L12: =IF($A12="","",IFERROR(VLOOKUP($J12,'Lists & Instructions'!$A$2:$B$5,2,FALSE),"")) | M12: =IF($A12="","",IF($H12>0,$H12*$L12,0)) | O12: =IF($A12="","",IFERROR($M12+$N12,0)) | P12: =IF($A12="","",$O12*10%) | Q12: =IF($A12="","",$O12+$P12) | S12: =IF($A12="","",IFERROR($Q12-$R12,0)) | U12: =IF($A12="","",IF($S12<=0,"Paid",IF($R12>0,"Part-paid","Unpaid")))
H13: =IF($A13="","",IF(OR($F13="",$G13=""),"",$G13-$F13)) | L13: =IF($A13="","",IFERROR(VLOOKUP($J13,'Lists & Instructions'!$A$2:$B$5,2,FALSE),"")) | M13: =IF($A13="","",IF($H13>0,$H13*$L13,0)) | O13: =IF($A13="","",IFERROR($M13+$N13,0)) | P13: =IF($A13="","",$O13*10%) | Q13: =IF($A13="","",$O13+$P13) | S13: =IF($A13="","",IFERROR($Q13-$R13,0)) | U13: =IF($A13="","",IF($S13<=0,"Paid",IF($R13>0,"Part-paid","Unpaid")))
H14: =IF($A14="","",IF(OR($F14="",$G14=""),"",$G14-$F14)) | L14: =IF($A14="","",IFERROR(VLOOKUP($J14,'Lists & Instructions'!$A$2:$B$5,2,FALSE),"")) | M14: =IF($A14="","",IF($H14>0,$H14*$L14,0)) | O14: =IF($A14="","",IFERROR($M14+$N14,0)) | P14: =IF($A14="","",$O14*10%) | Q14: =IF($A14="","",$O14+$P14) | S14: =IF($A14="","",IFERROR($Q14-$R14,0)) | U14: =IF($A14="","",IF($S14<=0,"Paid",IF($R14>0,"Part-paid","Unpaid")))
H15: =IF($A15="","",IF(OR($F15="",$G15=""),"",$G15-$F15)) | L15: =IF($A15="","",IFERROR(VLOOKUP($J15,'Lists & Instructions'!$A$2:$B$5,2,FALSE),"")) | M15: =IF($A15="","",IF($H15>0,$H15*$L15,0)) | O15: =IF($A15="","",IFERROR($M15+$N15,0)) | P15: =IF($A15="","",$O15*10%) | Q15: =IF($A15="","",$O15+$P15) | S15: =IF($A15="","",IFERROR($Q15-$R15,0)) | U15: =IF($A15="","",IF($S15<=0,"Paid",IF($R15>0,"Part-paid","Unpaid")))
H16: =IF($A16="","",IF(OR($F16="",$G16=""),"",$G16-$F16)) | L16: =IF($A16="","",IFERROR(VLOOKUP($J16,'Lists & Instructions'!$A$2:$B$5,2,FALSE),"")) | M16: =IF($A16="","",IF($H16>0,$H16*$L16,0)) | O16: =IF($A16="","",IFERROR($M16+$N16,0)) | P16: =IF($A16="","",$O16*10%) | Q16: =IF($A16="","",$O16+$P16) | S16: =IF($A16="","",IFERROR($Q16-$R16,0)) | U16: =IF($A16="","",IF($S16<=0,"Paid",IF($R16>0,"Part-paid","Unpaid")))
H17: =IF($A17="","",IF(OR($F17="",$G17=""),"",$G17-$F17)) | L17: =IF($A17="","",IFERROR(VLOOKUP($J17,'Lists & Instructions'!$A$2:$B$5,2,FALSE),"")) | M17: =IF($A17="","",IF($H17>0,$H17*$L17,0)) | O17: =IF($A17="","",IFERROR($M17+$N17,0)) | P17: =IF($A17="","",$O17*10%) | Q17: =IF($A17="","",$O17+$P17) | S17: =IF($A17="","",IFERROR($Q17-$R17,0)) | U17: =IF($A17="","",IF($S17<=0,"Paid",IF($R17>0,"Part-paid","Unpaid")))
H18: =IF($A18="","",IF(OR($F18="",$G18=""),"",$G18-$F18)) | L18: =IF($A18="","",IFERROR(VLOOKUP($J18,'Lists & Instructions'!$A$2:$B$5,2,FALSE),"")) | M18: =IF($A18="","",IF($H18>0,$H18*$L18,0)) | O18: =IF($A18="","",IFERROR($M18+$N18,0)) | P18: =IF($A18="","",$O18*10%) | Q18: =IF($A18="","",$O18+$P18) | S18: =IF($A18="","",IFERROR($Q18-$R18,0)) | U18: =IF($A18="","",IF($S18<=0,"Paid",IF($R18>0,"Part-paid","Unpaid")))
H19: =IF($A19="","",IF(OR($F19="",$G19=""),"",$G19-$F19)) | L19: =IF($A19="","",IFERROR(VLOOKUP($J19,'Lists & Instructions'!$A$2:$B$5,2,FALSE),"")) | M19: =IF($A19="","",IF($H19>0,$H19*$L19,0)) | O19: =IF($A19="","",IFERROR($M19+$N19,0)) | P19: =IF($A19="","",$O19*10%) | Q19: =IF($A19="","",$O19+$P19) | S19: =IF($A19="","",IFERROR($Q19-$R19,0)) | U19: =IF($A19="","",IF($S19<=0,"Paid",IF($R19>0,"Part-paid","Unpaid")))
H20: =IF($A20="","",IF(OR($F20="",$G20=""),"",$G20-$F20)) | L20: =IF($A20="","",IFERROR(VLOOKUP($J20,'Lists & Instructions'!$A$2:$B$5,2,FALSE),"")) | M20: =IF($A20="","",IF($H20>0,$H20*$L20,0)) | O20: =IF($A20="","",IFERROR($M20+$N20,0)) | P20: =IF($A20="","",$O20*10%) | Q20: =IF($A20="","",$O20+$P20) | S20: =IF($A20="","",IFERROR($Q20-$R20,0)) | U20: =IF($A20="","",IF($S20<=0,"Paid",IF($R20>0,"Part-paid","Unpaid")))
H21: =IF($A21="","",IF(OR($F21="",$G21=""),"",$G21-$F21)) | L21: =IF($A21="","",IFERROR(VLOOKUP($J21,'Lists & Instructions'!$A$2:$B$5,2,FALSE),"")) | M21: =IF($A21="","",IF($H21>0,$H21*$L21,0)) | O21: =IF($A21="","",IFERROR($M21+$N21,0)) | P21: =IF($A21="","",$O21*10%) | Q21: =IF($A21="","",$O21+$P21) | S21: =IF($A21="","",IFERROR($Q21-$R21,0)) | U21: =IF($A21="","",IF($S21<=0,"Paid",IF($R21>0,"Part-paid","Unpaid")))
H22: =IF($A22="","",IF(OR($F22="",$G22=""),"",$G22-$F22)) | L22: =IF($A22="","",IFERROR(VLOOKUP($J22,'Lists & Instructions'!$A$2:$B$5,2,FALSE),"")) | M22: =IF($A22="","",IF($H22>0,$H22*$L22,0)) | O22: =IF($A22="","",IFERROR($M22+$N22,0)) | P22: =IF($A22="","",$O22*10%) | Q22: =IF($A22="","",$O22+$P22) | S22: =IF($A22="","",IFERROR($Q22-$R22,0)) | U22: =IF($A22="","",IF($S22<=0,"Paid",IF($R22>0,"Part-paid","Unpaid")))
... H101: =IF($A101="","",IF(OR($F101="",$G101=""),"",$G101-$F101)) | L101: =IF($A101="","",IFERROR(VLOOKUP($J101,'Lists & Instructions'!$A$2:$B$5,2,FALSE),"")) | M101: =IF($A101="","",IF($H101>0,$H101*$L101,0)) | O101: =IF($A101="","",IFERROR($M101+$N101,0)) | P101: =IF($A101="","",$O101*10%) | Q101: =IF($A101="","",$O101+$P101) | S101: =IF($A101="","",IFERROR($Q101-$R101,0)) | U101: =IF($A101="","",IF($S101<=0,"Paid",IF($R101>0,"Part-paid","Unpaid")))
A102: Totals | H102: =SUM($H$2:$H$101) | K102: =SUM($K$2:$K$101) | M102: =SUM($M$2:$M$101) | N102: =SUM($N$2:$N$101) | O102: =SUM($O$2:$O$101) | P102: =SUM($P$2:$P$101) | Q102: =SUM($Q$2:$Q$101) | R102: =SUM($R$2:$R$101) | S102: =SUM($S$2:$S$101)

Sheet Dashboard
A1: Caravan Park Booking Dashboard
A3: Booking performance
A4: Total bookings | C4: Confirmed bookings | E4: Total booked nights
A5: =COUNTA('Bookings'!$A$2:$A$101) | C5: =COUNTIF('Bookings'!$T$2:$T$101,"Confirmed") | E5: =SUM('Bookings'!$H$2:$H$101)
A7: Average stay | C7: Total revenue inc GST | E7: Outstanding balance
A8: =IFERROR(AVERAGE('Bookings'!$H$2:$H$101),0) | C8: =SUM('Bookings'!$Q$2:$Q$101) | E8: =SUM('Bookings'!$S$2:$S$101)
A10: Paid booking percentage
A11: =IFERROR(COUNTIF('Bookings'!$U$2:$U$101,"Paid")/COUNTA('Bookings'!$A$2:$A$101),0)
A13: Site type summary
A14: Site Type | B14: Number of Bookings | C14: Total Nights | D14: Revenue inc GST
A15: Powered Site | B15: =COUNTIF('Bookings'!$J$2:$J$101,$A15) | C15: =SUMIF('Bookings'!$J$2:$J$101,$A15,'Bookings'!$H$2:$H$101) | D15: =SUMIF('Bookings'!$J$2:$J$101,$A15,'Bookings'!$Q$2:$Q$101)
A16: Unpowered Site | B16: =COUNTIF('Bookings'!$J$2:$J$101,$A16) | C16: =SUMIF('Bookings'!$J$2:$J$101,$A16,'Bookings'!$H$2:$H$101) | D16: =SUMIF('Bookings'!$J$2:$J$101,$A16,'Bookings'!$Q$2:$Q$101)
A17: Ensuite Site | B17: =COUNTIF('Bookings'!$J$2:$J$101,$A17) | C17: =SUMIF('Bookings'!$J$2:$J$101,$A17,'Bookings'!$H$2:$H$101) | D17: =SUMIF('Bookings'!$J$2:$J$101,$A17,'Bookings'!$Q$2:$Q$101)
A18: Cabin | B18: =COUNTIF('Bookings'!$J$2:$J$101,$A18) | C18: =SUMIF('Bookings'!$J$2:$J$101,$A18,'Bookings'!$H$2:$H$101) | D18: =SUMIF('Bookings'!$J$2:$J$101,$A18,'Bookings'!$Q$2:$Q$101)

Sheet Lists & Instructions
A1: Site Type | B1: Nightly Rate ex GST | D1: Booking Status | E1: Payment Status
A2: Powered Site | B2: 45 | D2: Confirmed | E2: Paid
A3: Unpowered Site | B3: 32 | D3: Tentative | E3: Part-paid
A4: Ensuite Site | B4: 58 | D4: Cancelled | E4: Unpaid
A5: Cabin | B5: 135 | D5: Completed
A8: Workbook instructions
A9: Bookings: Enter booking details only in pale-yellow cells. Calculated columns update automatically.
A10: Enter arrival and departure dates in DD/MM/YYYY format.
A11: Rates are exclusive of GST and GST is calculated at 10%.
A12: Confirm GST treatment with the park's BAS and ATO reporting requirements.
A13: Record deposits when received so outstanding balances remain accurate.
A14: Use Australian financial-year reporting where applicable: 1 July–30 June.
A15: Do not overwrite formula columns, including nights, rates, GST, totals, balances and payment status.
A16: Dashboard: Review booking volume, occupancy nights, revenue, outstanding balances and site-type trends.
